 Dungeon Crawl Stone Soup version 0.27.1 (console) character file.

Game seed: 11111689190894995891

813 thromnambular the Sneak (level 7, -2/48 HPs)
             Began as an Octopode Transmuter on Sept 1, 2021.
             Was a Priest of Dithmenos.
             Slain by a bullfrog (7 damage)
             ... on level 5 of the Dungeon.
             The game lasted 00:16:15 (6548 turns).

thromnambular the Sneak (Octopode Transmuter)       Turns: 6548, Time: 00:16:15

Health: -2/48      AC:  1    Str: 11    XL:     7   Next: 93%
Magic:  10/10      EV: 13    Int: 16    God:    Dithmenos [***...]
Gold:   165        SH:  0    Dex: 12    Spells: 1/10 levels left

rFire    . . .     SeeInvis .     - Unarmed
rCold    . . .     Faith    .   (no shield)
rNeg     . . .     Spirit   .   (helmet restricted)
rPois    .         Reflect  .   (no amulet)
rElec    .         Harm     .   h - ring of flight
rCorr    +         Rampage  .   m - ring of resist corrosion
Will     .....                  (no ring)
Stlth    +++++.....             (no ring)
HPRegen  0.16/turn              (no ring)
MPRegen  0.12/turn              (no ring)
                                (no ring)
                                (no ring)

@: flying, wreathed by umbra
A: almost no armour, amphibious, 8 rings, camouflage 1, gelatinous body 1,
(nimble swimmer 1), tentacles
a: Renounce Religion, Shadow Step


You were on level 5 of the Dungeon.
You worshipped Dithmenos.
Dithmenos was most pleased with you.
You visited 1 branch of the dungeon, and saw 5 of its levels.

You collected 165 gold pieces.

Inventory:

Jewellery
 h - a ring of flight (left tentacle)
 k - a ring of ice
 m - a ring of resist corrosion (right tentacle)
Wands
 j - a wand of acid (7)
Scrolls
 a - a scroll of silence
 c - a scroll of brand weapon {unknown}
 d - a scroll of amnesia {unknown}
 e - a scroll of vulnerability {unknown}
 f - 2 scrolls of teleportation {unknown}
 g - 2 scrolls of identify
 i - a scroll of enchant armour {unknown}
 l - a scroll of noise {unknown}
Potions
 b - 3 potions of curing
 n - a potion of magic


   Skills:
 + Level 4.1 Fighting
 - Level 3.0 Dodging
 + Level 5.4 Stealth
 + Level 5.1 Unarmed Combat
 - Level 2.0 Spellcasting
 - Level 3.0 Transmutations
 + Level 3.8 Poison Magic


You had one spell level left.
You knew the following spells:

 Your Spells              Type           Power      Damage    Failure   Level
a - Beastly Appendage     Tmut           22%        N/A       6%          1
b - Wereblood             Tmut           11%        N/A       9%          2
c - Sting                 Tmut/Pois      48%        1d5       4%          1
d - Spider Form           Tmut/Pois      6%         N/A       16%         3
e - Slow                  Hex            1%         N/A       30%         2

Your spell library contained the following spells:

 Spells                   Type           Power      Damage    Failure   Level
 Animate Skeleton         Necr           2%         N/A       21%         1
 Pain                     Necr           4%         1d4       21%         1
 Summon Small Mammal      Summ           4%         N/A       21%         1
 Poisonous Vapours        Pois/Air       14%        N/A       14%         2
 Olgreb's Toxic Radiance  Pois           13%        N/A       41%         4
 Call Canine Familiar     Summ           1%         N/A       52%         3
 Confusing Touch          Hex            1%         N/A       52%         3
 Summon Guardian Golem    Hex/Summ       1%         N/A       52%         3
 Vampiric Draining        Necr           0%         2d6       52%         3
 Ice Form                 Ice/Tmut       6%         N/A       73%         4


Dungeon Overview and Level Annotations

Branches:
Dungeon (5/15)             Temple (0/1) D:4

Altars:
Dithmenos


Innate Abilities, Weirdness & Mutations

You cannot wear most types of armour.
You are amphibious.
You can wear up to eight rings at the same time.
Your skin changes colour to match your surroundings (Stealth+).
Your rubbery body absorbs attacks. (AC +1, EV +1)
((You are camouflaged near water. (Stealth+)))
You have tentacles for arms and can constrict up to eight enemies at once.


Message History

You turn into a venomous arachnid creature.
An orc priest comes into view. It is wielding a +0 war axe.
Found an escape hatch in the floor.
A bullfrog comes into view.
The orc shouts!
The orc priest shouts!
You hear a shout!
The bullfrog croaks.
Your transformation is almost over.
The orc priest closely misses you. The bullfrog misses you.
You bite the orc priest!
The orc priest is severely wounded.
The bullfrog closely misses you. The orc misses you.
The orc priest completely misses you. The bullfrog completely misses you.
The orc priest mumbles some strange prayers to Beogh against you.
Beogh smites you!
You hit the orc priest but do no damage.
The orc priest hits you with a +0 morningstar!
The orc closely misses you. The bullfrog closely misses you.
The orc priest misses you. The orc closely misses you.
The bullfrog hits you but does no damage.
You hit the orc.
The orc is poisoned.
The orc is heavily wounded.
The bullfrog hits you.
The orc priest invokes the aid of Beogh against you.
Pain shoots through your body! The orc completely misses you.
Your transformation has ended.
The orc priest invokes the aid of Beogh against you.
Beogh smites you!
* * * LOW HITPOINT WARNING * * *
You kill the orc!
Dithmenos accepts your kill. The bullfrog misses you. The bullfrog hits you.
* * * LOW HITPOINT WARNING * * *
The orc priest looks braver for a moment.
The bullfrog hits you.
* * * LOW HITPOINT WARNING * * *
The bullfrog hits you.
* * * LOW HITPOINT WARNING * * *
The bullfrog hits you!
You die...

#...##....#........
##...##....+........
#.....#.)..#......... ##
##....#....#.........
...##....#o..##...##....
......>..#...##'####....
.......#o........#....
#...##.........#....
#..@##.........#.l..
#...F.........†+....
#.........##...##....
+.........##...##....
#...............#....
##..............#....
######.........#.... ..
#...##...##....#.... ...
#...##...##....#....


You could see a bullfrog.

Vanquished Creatures
  A necrophage (D:4)
  A phantom (D:4)
  An elf zombie (D:4)
  A scorpion (D:4)
  A hound (D:4)
  A gnoll shaman (D:4)
  An iguana (D:5)
  3 human skeletons (D:4)
  4 orc wizards
  2 hound skeletons (D:4)
  5 gnolls (D:4)
  6 adders
  4 worms
  2 dart slugs
  12 orcs
  8 ball pythons
  6 bats
  9 endoplasms
  6 giant cockroaches
  10 goblins
  7 hobgoblins
  7 jackals (D:3)
  7 kobolds
  A quokka (D:1)
  6 frilled lizards
  An orc skeleton (D:4)
  An orc zombie (D:4)
  6 rats
120 creatures vanquished.

Notes
Turn   | Place    | Note
-------+----------+-------------------------------------------
     0 | D:1      | thromnambular the Octopode Transmuter began the quest for
                  | the Orb.
     0 | D:1      | Reached XP level 1. HP: 13/13 MP: 3/3
    57 | D:1      | Found a faded altar of an unknown god.
    92 | D:1      | Became a worshipper of Dithmenos the Shadowed
    92 | D:1      | Reached * piety under Dithmenos
   223 | D:1      | Reached XP level 2. HP: 15/18 MP: 5/5
   777 | D:1      | Learned a level 2 spell: Wereblood
   820 | D:1      | Learned a level 1 spell: Sting
   836 | D:1      | Reached skill level 1 in Stealth
   839 | D:1      | Reached XP level 3. HP: 17/23 MP: 4/6
  1034 | D:1      | Reached ** piety under Dithmenos
  1814 | D:2      | Reached XP level 4. HP: 29/29 MP: 5/7
  3064 | D:3      | Reached XP level 5. HP: 34/34 MP: 8/8
  3469 | D:3      | Learned a level 3 spell: Spider Form
  4029 | D:4      | Noticed a necrophage
  4115 | D:4      | Found a staircase to the Ecumenical Temple.
  4123 | D:4      | Reached skill level 1 in Poison Magic
  4146 | D:4      | Reached XP level 6. HP: 28/41 MP: 9/9
  4150 | D:4      | Learned a level 2 spell: Slow
  4193 | D:4      | Reached *** piety under Dithmenos
  4970 | D:4      | Reached XP level 7. HP: 32/46 MP: 10/10
  6127 | D:4      | Reached skill level 5 in Stealth
  6136 | D:4      | Reached skill level 5 in Unarmed Combat
  6322 | D:5      | Entered Level 5 of the Dungeon
  6548 | D:5      | Slain by a bullfrog

Illustrated notes

Levels and vault maps discovered:
D:1:      ebering_trefoil_3fold, layout_loops_corners,
          hellmonk_ecumenical_altar_inner_sanctum, roderic_roman_lattice,
          minmay_liquid_box, chequers_serial_rivers_micro_e,
          nrook_mini_backslash, minmay_vboxes
D:2:      kennysheep_big_flooded_room, layout_basic, st_stairs_9,
          kennysheep_generic_room_8
D:3:      layout_basic
D:4:      layout_basic, minmay_temple_entry_tees,
          nicolae_ossuary_entry_catacombs, st_stairs_14
D:5:      layout_gridville, uniq_menkaure

Skill      XL: |  1  2  3  4  5  6  7 |
---------------+----------------------+-----
Stealth        | 1 2 3 4 5 |  5.4
Fighting       | 2 3 4 |  4.1
Dodging        | 3 |  3.0
Transmutations | 3 |  3.0
Poison Magic   | 1 2 3 |  3.8
Unarmed Combat | 4 5 |  5.1
Spellcasting   | |  2.0

Action                   |  1- 3 |  4- 6 |  7- 9 || total
-------------------------+-------+-------+-------++-------
Melee: Unarmed           |    86 |   143 |    82 ||   311
       Constrict         |    21 |    33 |    18 ||    72
       Tentacles         |    12 |    31 |    19 ||    62
       Kick              |     2 |     3 |     2 ||     7
       Punch             |     3 |     5 |     3 ||    11
 Cast: Beastly Appendage |     7 |     2 |     3 ||    12
       Sting             |     2 |    25 |    16 ||    43
       Slow              |       |       |     3 ||     3
       Spider Form       |       |       |     2 ||     2
  Use: Scroll            |       |     2 |     1 ||     3
       Potion            |       |     1 |       ||     1
 Stab: Sleeping          |    17 |    17 |     5 ||    39
       Distracted        |       |     1 |       ||     1
Armor: Skin              |     8 |     9 |     3 ||    20
Dodge: Dodged            |    57 |    68 |    51 ||   176
